 Dungeon Crawl Stone Soup version 0.31-a0-845-g9abc20d24f (webtiles) character file.

Game seed: 2699444367776148549

2549 javelincjr the Changeling (level 9, -2/68 HPs)
             Began as a Demonspawn Shapeshifter on Oct 2, 2023.
             Was an Elder of Qazlal.
             Slain by an orc knight
             ... wielding a +0 trident
              (29 damage)
             ... in a bailey.
             The game lasted 00:23:09 (7267 turns).

javelincjr the Changeling (Demonspawn Shapeshifter) Turns: 7267, Time: 00:23:10

Health: -2/68      AC:  5    Str: 17    XL:     9   Next: 30%
Magic:  12/12      EV: 13    Int: 15    God:    Qazlal [****..]
Gold:   437        SH:  5    Dex: 15    Spells: 8/8 levels left

rFire   . . .        a - +0 arbalest (chaos)
rCold   . . .        (shield currently unavailable)
rNeg    . . .        j - +0 ring mail
rPois   .            (helmet currently unavailable)
rElec   .            (cloak currently unavailable)
rCorr   .            (gloves currently unavailable)
SInv    .            (boots currently unavailable)
Will    .....        (no amulet)
Stlth   +            (no ring)
HPRegen 0.31/turn    (no ring)
MPRegen 0.13/turn

%: repel missiles
@: beast-form
A: beast (slay +3), thin skeletal structure 1, foul stench 1, spiny 1, beak,
clever 1, inability to drink after injury 1
a: Begin Untransformation, Renounce Religion, Upheaval, Elemental Force


You were in a bailey.
You worshipped Qazlal.
Qazlal was greatly pleased with you.
You were a hulking beast.
You visited 1 branch of the dungeon, and saw 8 of its levels.
You also visited: Bailey.

You collected 459 gold pieces.
You spent 22 gold pieces at shops.

Inventory:

Hand Weapons
 a - a +0 arbalest of chaos (weapon)
 b - a +3 spectral quarterstaff
 p - a +1 short sword of venom
Missiles
 i - a throwing net
 l - a boomerang
 A - 6 silver javelins
 F - 10 curare-tipped darts
 H - 12 poisoned darts
Armour
 g - a +1 pair of boots
 j - a +0 ring mail (worn)
 t - a +0 animal skin
 w - a +0 plate armour
 C - a +1 hat
 I - a +0 helmet
Talismans
 c - a beast talisman (active)
 d - a flux talisman
Wands
 y - a wand of light (7)
 G - a wand of iceblast (7)
 L - a wand of charming (8)
Scrolls
 e - a scroll of torment
 k - 2 scrolls of teleportation
 n - 2 scrolls of immolation
 r - 2 scrolls of fear
 u - a scroll of brand weapon
 x - 2 scrolls of fog
Potions
 f - 2 potions of magic
 h - 3 potions of attraction
 m - a potion of ambrosia
 o - a potion of might {unknown}
 q - 4 potions of degeneration
 s - 2 potions of enlightenment
 v - a potion of resistance {unknown}
 z - 3 potions of heal wounds
 D - 3 potions of lignification
 J - 2 potions of brilliance {unknown}


   Skills:
 + Level 5.4 Fighting
 + Level 3.2 Staves
 + Level 5.1 Dodging
 + Level 5.6 Unarmed Combat
 + Level 4.7 Invocations
 * Level 6.1 Shapeshifting


You had 8 spell levels left.
You didn't know any spells.
Your spell library contained the following spells:

 Spells                   Type           Power      Damage    Failure   Level
 Lesser Beckoning         Tloc           0%         N/A       58%         2
 Poisonous Vapours        Pois/Air       0%         N/A       58%         2
 Scorch                   Fire           0%         2d5       58%         2
 Frozen Ramparts          Ice            0%         1d1       83%         3
 Gell's Gravitas          Tloc           0%         N/A       83%         3
 Inner Flame              Hex/Fire       0%         N/A       83%         3
 Mephitic Cloud           Conj/Pois/Air  0%         N/A       83%         3
 Ozocubu's Armour         Ice            0%         N/A       83%         3
 Teleport Other           Tloc           0%         N/A       83%         3
 Flame Wave               Conj/Fire      0%         2d4       99%         4
 Petrify                  Tmut/Erth      0%         N/A       99%         4
 Sticky Flame             Conj/Fire      0%         2d3       99%         4
 Freezing Cloud           Conj/Ice/Air   0%         6-21      100%        5
 Metabolic Englaciation   Hex/Ice        0%         N/A       100%        5
 Yara's Violent Unravell  Hex/Tmut       0%         3d3       100%        5
 Summon Cactus Giant      Summ           0%         N/A       100%        6
 Enfeeble                 Hex            0%         N/A       100%        7
 Ozocubu's Refrigeration  Ice            0%         4d7       100%        7


Dungeon Overview and Level Annotations

Branches:
Dungeon (8/15)             Temple (0/1) D:6          Bailey (1/1)
   Lair: D:8-11

Altars:
Ashenzari
Dithmenos
Fedhas
Hepliaklqana
Makhleb
Qazlal
Ru
Trog
Vehumet
Wu Jian
Xom
Yredelemnul

Shops:
D:1 *


Innate Abilities, Weirdness & Mutations

You are a hulking beast.
Your limbs bulge with bestial killing power. (Slay +3)
You have a somewhat thin skeletal structure. (Dex +2, Stealth+)
You may rarely emit foul miasma when damaged in melee.
You are partially covered in sharp spines.
You have a beak for a mouth.
Your mind is acute. (Int +4, Str/Dex -1)
You occasionally lose the ability to drink potions when taking damage.


Message History

Things that are here:
a +0 glaive; a +0 scale mail The orc knight attacks as it pursues you!
The orc knight completely misses you.
Your surroundings suddenly seem different.
You start resting.
HP restored.
You enter the shallow water.
Moving in this stuff is going to be slow.
Things that are here:
a +0 arbalest; a +0 ring mail
Things that are here:
a +0 arbalest; a +0 scale mail Why would you want to do that?
You hear a shout!
Fire: a) +0 arbalest (chaos)
Press: ? - help, Q - select action, (/) - cycle Shift-Dir - straight line, f - orc knight
Aim: an orc knight, wielding a +0 trident and wearing a +0 plate armour (59% to hit)
You shoot a bolt. The bolt hits the orc knight.
The orc knight is lightly wounded.
Fire: a) +0 arbalest (chaos)
Press: ? - help, Q - select action, (/) - cycle Shift-Dir - straight line, f/p - orc knight
Aim: an orc knight, wielding a +0 trident and wearing a +0 plate armour (lightly wounded, 60% to hit)
You shoot a bolt. The bolt hits the orc knight!
The orc knight goes berserk!
The orc knight is lightly wounded.
The orc knight splashes around in the water.
The orc knight hits you from afar with a +0 trident!
Fire: a) +0 arbalest (chaos)
Press: ? - help, Q - select action, (/) - cycle Shift-Dir - straight line, f/p - orc knight
Aim: an orc knight, wielding a +0 trident and wearing a +0 plate armour (sparse dust, lightly wounded, berserk, 60% to hit)
You shoot a bolt.
The bolt completely misses the orc knight.
You block the orc knight's attack. x2; The orc knight barely misses you.
Fire: a) +0 arbalest (chaos)
Press: ? - help, Q - select action, (/) - cycle Shift-Dir - straight line, f/p - orc knight
Aim: an orc knight, wielding a +0 trident and wearing a +0 plate armour (lightly wounded, berserk, 60% to hit)
You shoot a bolt. The bolt barely misses the orc knight.
The orc knight closely misses you.
The orc knight hits you from afar with a +0 trident!! x2
You die...

############################
..........................∩#
...........................#
...........................#
...........................#
~~~~~~~~~~~~~~~~≈≈≈≈≈~.....#
~~~~~~~~~~~~~~~≈≈###≈≈.....#
)~~~~~~~~~~~~~~○##.##≈.....#
))~~~~~~~~~~~~~○h...#≈.....#
~~~~~~~~~~~~~~§≈#∩☼##≈.....#
~~~~#######~~~o§##.#≈≈.....#
~~~##~~~~##~~~~≈≈≈)≈≈~.....#
##~o~~~##~~~~~~~~)~~.....#
##o~#'''##~~~~~~~)~)~.....#
#~o##o:∩##~~##~~~~~~~.....#
#~####o####~##~~~~~~~.....#
#o'.# o.#.'~##~~~~~~~.....#


You could see an orc knight (berserk).

Vanquished Creatures
  A water moccasin (D:7)
  An acid dragon (D:8)
  2 sky beasts
  3 black bears
  6 orc warriors (Bailey)
  2 ogres
  2 kobold brigands
  2 bullfrogs
  A scorpion (D:4)
  4 killer bees (D:8)
  An orc priest (D:6)
  4 hounds
  A jelly (D:5)
  2 iguanas
  Natasha (twice) (D:4)
  13 gnolls
  6 adders
  A white imp (D:7)
  3 ufetubi (D:6)
  2 worms (D:3)
  2 dart slugs
  32 orcs
  4 ball pythons
  4 bats
  9 endoplasms
  2 giant cockroaches
  16 goblins
  11 hobgoblins
  3 jackals (D:1)
  A quokka (D:1)
  A frilled lizard (D:3)
  24 kobolds
  3 rats
  A spectral weapon (D:5)
172 creatures vanquished.

Vanquished Creatures (others)
  A spectral weapon (D:8)
1 creature vanquished.

Grand Total: 173 creatures vanquished

Notes
Turn   | Place    | Note
-------+----------+-------------------------------------------
     0 | D:1      | javelincjr the Demonspawn Shapeshifter began the quest for
                  | the Orb.
     0 | D:1      | Reached XP level 1. HP: 15/15 MP: 1/1
   262 | D:1      | Gained mutation: You may rarely emit foul miasma when
                  | damaged in melee. [demonic ancestry]
   262 | D:1      | Reached XP level 2. HP: 20/21 MP: 2/2
   454 | D:1      | Found Otimp's Assorted Antiques.
   501 | D:1      | Found a faded altar of an unknown god.
   508 | D:1      | Prayed at the altar of an unknown god.
   508 | D:1      | Became a worshipper of Qazlal Stormbringer
   508 | D:1      | Reached * piety under Qazlal
   787 | D:1      | Bought a yellow potion for 22 gold pieces
   842 | D:2      | Reached skill level 3 in Shapeshifting
   842 | D:2      | Reached XP level 3. HP: 22/26 MP: 3/3
  1495 | D:3      | Gained mutation: You have a somewhat thin skeletal
                  | structure. (Dex +2, Stealth+) [demonic ancestry]
  1495 | D:3      | Reached XP level 4. HP: 14/33 MP: 4/4
  1834 | D:3      | Reached ** piety under Qazlal
  2207 | D:3      | Found a basalt altar of Yredelemnul.
  2613 | D:4      | Found a sacrificial altar of Ru.
  2760 | D:4      | Noticed Natasha
  2767 | D:4      | Killed Natasha
  2768 | D:4      | Gained mutation: You are partially covered in sharp spines.
                  | [demonic ancestry]
  2768 | D:4      | Reached XP level 5. HP: 24/39 MP: 5/5
  3010 | D:4      | Noticed Natasha
  3017 | D:4      | Killed Natasha
  3310 | D:4      | Reached XP level 6. HP: 16/47 MP: 6/6
  3544 | D:5      | Entered Level 5 of the Dungeon
  3664 | D:5      | Gained mutation: You do not regenerate when monsters are
                  | visible. [potion of mutation]
  3664 | D:5      | Gained mutation: You occasionally lose the ability to drink
                  | potions when taking damage. [potion of mutation]
  3665 | D:5      | Lost mutation: You occasionally lose the ability to drink
                  | potions when taking damage. [potion of mutation]
  3665 | D:5      | Lost mutation: You do not regenerate when monsters are
                  | visible. [potion of mutation]
  3665 | D:5      | Gained mutation: Your mind is acute. (Int +4, Str/Dex -1)
                  | [potion of mutation]
  3665 | D:5      | Gained mutation: You have a beak for a mouth. [potion of
                  | mutation]
  3665 | D:5      | Gained mutation: You occasionally lose the ability to drink
                  | potions when taking damage. [potion of mutation]
  3704 | D:5      | Found a stormy altar of Qazlal.
  3704 | D:5      | Found a bloodstained altar of Trog.
  3737 | D:5      | Reached skill level 4 in Shapeshifting
  3805 | D:5      | Reached XP level 7. HP: 53/53 MP: 7/7
  4031 | D:5      | Found a burning altar of Makhleb.
  4191 | D:6      | Found a staircase to the Ecumenical Temple.
  4383 | D:6      | Reached skill level 1 in Invocations
  4518 | D:6      | Reached skill level 1 in Staves
  4656 | D:6      | Found an ornate altar of the Wu Jian Council.
  5182 | D:7      | Reached XP level 8. HP: 60/60 MP: 9/9
  5189 | D:7      | Found a hazy altar of Hepliaklqana.
  5190 | D:7      | Found a shadowy altar of Dithmenos.
  5311 | D:7      | Reached *** piety under Qazlal
  5312 | D:7      | Reached skill level 5 in Shapeshifting
  5318 | D:7      | Reached skill level 5 in Unarmed Combat
  5835 | D:7      | Found a shimmering altar of Xom.
  6078 | D:8      | Found a broken altar of Ashenzari.
  6236 | D:8      | Found a blossoming altar of Fedhas.
  6255 | D:8      | Found a radiant altar of Vehumet.
  6289 | D:8      | Reached skill level 5 in Fighting
  6493 | D:8      | Found a flagged portal.
  6510 | Bailey   | Entered a bailey
  6655 | Bailey   | Reached **** piety under Qazlal
  6657 | Bailey   | Reached XP level 9. HP: 59/68 MP: 12/12
  6708 | Bailey   | Reached skill level 5 in Dodging
  6836 | Bailey   | Reached skill level 6 in Shapeshifting
  7139 | Bailey   | Noticed an orc knight
  7267 | Bailey   | Slain by an orc knight

Illustrated notes

Levels and vault maps discovered:
D:1:      amcnicky_arrival_double_pillar, layout_basic, serial_shops, shop,
          shapermc_ecumenical_altar_venn, minmay_small_reverse_x
D:2:      layout_loops_ring, chequers_serial_rivers_room_a,
          dreamdust_wishing_well
D:3:      layout_basic, mainiacjoe_overflow_concentric_impassable
D:4:      layout_gridville, mainiacjoe_overflow_cross_hatched, uniq_natasha
D:5:      layout_cave_pools, kennysheep_mini, lemuel_coloured_pillars_altar,
          gammafunk_temple_overflow_wave
D:6:      layout_loops_ring, general_overflow_altar, temple_doors_e,
          due_unseen_surprise
D:7:      corexii_shantytown, layout_rooms, lemuel_tele_altar,
          riverfiend_overflow_shadow_ancestor, nicolae_letterblocks
          [nicolae_letter_subblock, nicolae_letter_subblock,
          nicolae_letter_subblock, nicolae_letter_subblock,
          nicolae_letter_subblock, nicolae_letter_subblock,
          nicolae_letter_subblock, nicolae_letter_subblock,
          nicolae_letter_subblock, nicolae_letter_subblock,
          nicolae_letter_subblock, nicolae_letter_subblock,
          nicolae_letter_subblock, nicolae_letter_subblock,
          nicolae_letter_subblock, nicolae_letter_subblock,
          nicolae_letter_subblock, nicolae_letter_subblock,
          nicolae_letter_subblock, nicolae_letter_subblock,
          nicolae_letter_subblock, nicolae_letter_subblock,
          nicolae_letter_subblock, nicolae_letter_subblock,
          nicolae_letter_subblock]
D:8:      layout_gridville, cheibrodos_ashenzari_chains,
          mainiacjoe_overflow_big_doors, enter_bailey_7
Bailey:   bailey_polearm_2, bailey

Skill      XL: |  1  2  3  4  5  6  7  8  9 |
---------------+----------------------------+-----
Dodging        | 2 3 4 5 |  5.1
Unarmed Combat | 3 4 5 |  5.6
Shapeshifting  | 3 4 5 6 |  6.1
Fighting       | 2 3 4 5 |  5.4
Invocations    | 2 4 |  4.7
Staves         | 1 2 3 |  3.2

Action                     |  1- 3 |  4- 6 |  7- 9 || total
---------------------------+-------+-------+-------++-------
  Melee: Unarmed           |    51 |       |       ||    51
         Short sword       |    46 |   103 |       ||   149
         Punch             |     1 |       |       ||     1
         Quarterstaff      |       |    16 |   109 ||   125
         Peck              |       |       |    14 ||    14
   Fire: Arbalest          |       |       |    59 ||    59
  Throw: Boomerang         |     8 |     6 |    38 ||    52
    Use: Scroll            |       |     5 |    14 ||    19
         Potion            |       |     2 |     2 ||     4
   Stab: Distracted        |       |       |     1 ||     1
 Armour: Animal skin       |    28 |       |       ||    28
         Ring mail         |    23 |    63 |    92 ||   178
  Dodge: Dodged            |    57 |    55 |   135 ||   247
         Repelled          |       |       |     1 ||     1
  Block: Other             |     5 |    11 |    47 ||    63

Table legend: (Time is in decaauts)
 A = Elapsed time spent in this place.
 B = Non-inter-level travel time spent in this place.
 C = Inter-level travel time spent in this place.
 D = Time resting spent in this place.
 E = Time spent auto-exploring this place.
 F = Levels seen in this place.
 G = Mean time per level.
                   A        B        C        D        E       F      G
               +--------+--------+--------+--------+--------+-----+--------+
         Total |   7410 |   7034 |    376 |    595 |   4925 |   9 |  823.3 |
       Dungeon |   6544 |   6168 |    376 |    287 |   4640 |   8 |  818.0 |
        Bailey |    866 |    866 |      0 |    308 |    285 |   1 |  866.0 |
               +--------+--------+--------+--------+--------+-----+--------+

Top non-repeatable levels by time:
     D:3: 1201 daAuts
     D:6: 1015 daAuts
     D:4: 891 daAuts
  Bailey: 866 daAuts
     D:1: 794 daAuts
     D:7: 782 daAuts
     D:2: 656 daAuts
     D:8: 611 daAuts
     D:5: 589 daAuts
